 Dungeon Sprint DCSS version 0.21.2 (webtiles) character file.

6100000 Fang the Conqueror (level 27, -48/249 HPs)
             Began as a Demonspawn Gladiator on Feb 7, 2019.
             Was the Champion of Makhleb.
             Annihilated by a sculptor of flesh
             ... wielding a +9 great sword
              (209 damage)
             ... in the Dungeon (Sprint VIII: "Arena of Blood").
             The game lasted 00:03:10 (61 turns).

Fang the Conqueror (Demonspawn Gladiator)             Turns: 61, Time: 00:03:11

Health: -48/249    AC: 20    Str: 24    XL:     27
Magic:  0/54       EV: 32    Int: 12    God:    Makhleb [******]
Gold:   0          SH:  0    Dex: 16    Spells: 80/80 levels left

rFire    . . .     SeeInvis .   l - +∞ Axe of Woe
rCold    . . .     Gourm    .   (shield currently unavailable)
rNeg     + . .     Faith    .   b - +0 leather armour
rPois    .         Spirit   +   c - +0 helmet
rElec    .         Reflect  .   (no cloak)
rCorr    .         Harm     .   (no gloves)
MR       ++...     NoTele   +   (boots unavailable)
Stlth    +++++++++.             (no amulet)
HPRegen  0.51/turn              (no ring)
MPRegen  0.68/turn              (no ring)

@: sanguine armour
A: talons 3, demonic guardian 3, negative energy resistance 1, 50% torment
resistance, magic shield, magic regeneration, magic link, black mark, sanguine
armour 3
a: Minor Destruction, Lesser Servant of Makhleb, Major Destruction, Greater
Servant of Makhleb, Renounce Religion


You were in the Dungeon.
You worshipped Makhleb.
Makhleb was exalted by your worship.
You were not hungry.

You visited 1 branch

Inventory:

Hand Weapons
 l - the +∞ Axe of Woe (weapon)
   (You found it in the Dungeon)
Missiles
 d - 3 throwing nets (quivered)
Armour
 b - a +0 leather armour (worn)
 c - a +0 helmet (worn)
Scrolls
 k - a scroll of blinking
Potions
 e - a potion of curing
 g - a potion of heal wounds
 h - a potion of haste
 i - 2 potions of magic
 j - a potion of berserk rage
Comestibles
 f - a ration


   Skills:
 O Level 27 Fighting
 O Level 27 Axes
 O Level 27 Throwing
 O Level 27 Armour
 O Level 27 Dodging
 O Level 27 Stealth
 O Level 27 Unarmed Combat
 O Level 27 Spellcasting
 O Level 27 Invocations


You had 80 spell levels left.
You didn't know any spells.

Dungeon Overview and Level Annotations

Branches:
Dungeon (1/1)

Altars:
Makhleb


Innate Abilities, Weirdness & Mutations

You have claws for feet.
A powerful demonic guardian rushes to your aid.
You resist negative energy. (rN+)
You are somewhat able to resist unholy torments (1 in 2 success).
When hurt, damage is shared between your health and your magic reserves.
You regenerate magic rapidly.
When low on magic, you restore magic in place of health.
Your melee attacks may debilitate your foes.
When seriously injured, your bleeding wounds create very thick armour. (AC +12)


Message History

Makhleb accepts your kill.
You feel better.
You hear a shout! x3
Your Executioner hits the sculptor of flesh!!
Your Executioner hits the sculptor of flesh but does no damage.
Your Executioner hits the sculptor of flesh!
The sculptor of flesh hits your Executioner with a +9 great sword!!!
You hear a shout! x4
You swap places.
Your Executioner hits the crawling corpse!
Your Executioner hits the crawling corpse.
The crawling corpse is destroyed!
You hear a shout! x4
The bag of meat is engulfed in blazing flames.
You hear a shout! x3
Your Executioner hits the sculptor of flesh but does no damage. x3
You hear a shout! x2
The sculptor of flesh hits you with a +9 great sword!!!!!
Ouch! That really hurt!
You die...

#.......# .. #...
...# ...###...
...###. .
........###O.......
#...%...%_.%.......
. #)))..# ...% ...
#_)<)_# .....
.....#.11))#....%.
..%...))@zox......
...%.%.###§§%.....
..###... §§.###...
. #..o§...# ..
#.......# .........
...........
...........


You could see a sculptor of flesh, a meat berserker (berserk), a small
abomination, a bag of meat and 2 friendly Executioners.

Vanquished Creatures
  14 vampire knights (D)
  13 ogres (D)
  3 two-headed ogres (D)
  28 orcs (D)
  2 skeletal warriors (D)
  4 large abominations (D)
  3 small abominations (D)
  3 crawling corpses (D)
70 creatures vanquished.

Vanquished Creatures (collateral kills)
  A crawling corpse (D)
1 creature vanquished.

Vanquished Creatures (others)
  A hydra (D)
  An orc (D)
  3 crawling corpses (D)
5 creatures vanquished.

Grand Total: 76 creatures vanquished

Notes
Turn   | Place    | Note
-------+----------+-------------------------------------------
     0 | D        | Found the +∞ Axe of Woe
     0 | D        | Fang the Demonspawn Gladiator began the quest for the Orb.
     0 | D        | Reached XP level 1. HP: 16/16 MP: 1/1
     3 | D        | Noticed a bag of meat
     4 | D        | Noticed a bag of meat
     5 | D        | Noticed a bag of meat
     5 | D        | Became a worshipper of Makhleb the Destroyer
     7 | D        | Noticed a bag of meat
     7 | D        | Noticed a bag of meat
     8 | D        | Noticed a bag of meat
     8 | D        | Noticed a meat berserker
     8 | D        | Killed a bag of meat
     8 | D        | Gained mutation: When hurt, damage is shared between your health and your magic reserves. [demonic ancestry]
     8 | D        | Reached XP level 2. HP: 43/43 MP: 2/2
     8 | D        | Reached XP level 3. HP: 49/49 MP: 3/3
     8 | D        | Reached XP level 4. HP: 56/56 MP: 4/4
     8 | D        | Gained mutation: You have sharp toenails. [demonic ancestry]
     8 | D        | Reached XP level 5. HP: 62/62 MP: 5/5
     8 | D        | Reached XP level 6. HP: 69/69 MP: 6/6
     8 | D        | Gained mutation: You have razor-sharp toenails. [demonic ancestry]
     8 | D        | Reached XP level 7. HP: 75/75 MP: 7/7
     8 | D        | Gained mutation: A weak demonic guardian rushes to your aid. [demonic ancestry]
     8 | D        | Reached XP level 8. HP: 82/82 MP: 8/8
     8 | D        | Reached XP level 9. HP: 88/88 MP: 9/9
     8 | D        | Gained mutation: When seriously injured, your bleeding wounds create armour. (AC +12) [demonic ancestry]
     8 | D        | Reached XP level 10. HP: 95/95 MP: 10/10
     8 | D        | Gained mutation: You have claws for feet. [demonic ancestry]
     8 | D        | Reached XP level 11. HP: 101/101 MP: 11/11
     9 | D        | Noticed a meat berserker
     9 | D        | Killed a bag of meat
     9 | D        | Reached * piety under Makhleb
     9 | D        | Reached skill level 15 in Axes
     9 | D        | Reached skill level 15 in Throwing
     9 | D        | Reached skill level 15 in Dodging
     9 | D        | Gained mutation: When seriously injured, your bleeding wounds create thick armour. (AC +12) [demonic ancestry]
     9 | D        | Reached XP level 12. HP: 101/113 MP: 10/12
    10 | D        | Killed a meat berserker
    10 | D        | Reached XP level 13. HP: 125/125 MP: 6/13
    10 | D        | Reached XP level 14. HP: 133/133 MP: 6/14
    10 | D        | Killed a bag of meat
    10 | D        | Killed a bag of meat
    10 | D        | Reached ** piety under Makhleb
    10 | D        | Gained mutation: A demonic guardian rushes to your aid. [demonic ancestry]
    10 | D        | Reached XP level 15. HP: 144/144 MP: 6/15
    11 | D        | Noticed a meat berserker
    11 | D        | Noticed a meat berserker
    12 | D        | Killed a meat berserker
    12 | D        | Killed a meat berserker
    12 | D        | Gained mutation: You regenerate magic rapidly. [demonic ancestry]
    12 | D        | Reached XP level 16. HP: 159/159 MP: 6/16
    12 | D        | Reached *** piety under Makhleb
    13 | D        | Noticed a meat berserker
    13 | D        | Noticed a meat berserker
    13 | D        | Killed a meat berserker
    13 | D        | Gained mutation: You resist negative energy. (rN+) [demonic ancestry]
    13 | D        | Reached XP level 17. HP: 171/171 MP: 5/17
    15 | D        | Killed a meat berserker
    15 | D        | Reached skill level 27 in Fighting
    16 | D        | Noticed a meat berserker
    16 | D        | Reached **** piety under Makhleb
    16 | D        | Gained mutation: When seriously injured, your bleeding wounds create very thick armour. (AC +12) [demonic ancestry]
    16 | D        | Reached XP level 18. HP: 182/182 MP: 6/18
    17 | D        | Killed a meat berserker
    17 | D        | Reached skill level 27 in Axes
    17 | D        | Reached skill level 27 in Throwing
    17 | D        | Reached skill level 27 in Dodging
    17 | D        | Reached skill level 10 in Armour
    17 | D        | Reached skill level 10 in Stealth
    19 | D        | Reached XP level 19. HP: 189/189 MP: 7/19
    20 | D        | Noticed a meat berserker
    21 | D        | Noticed a large bag of meat
    21 | D        | Reached ***** piety under Makhleb
    22 | D        | Killed a meat berserker
    23 | D        | Noticed a destroyer
    23 | D        | Killed a large bag of meat
    24 | D        | Noticed a meat berserker
    24 | D        | Killed a destroyer
    24 | D        | Reached skill level 27 in Armour
    24 | D        | Reached skill level 27 in Stealth
    24 | D        | Reached skill level 10 in Unarmed Combat
    24 | D        | Gained mutation: You are somewhat able to resist unholy torments (1 in 2 success). [demonic ancestry]
    24 | D        | Reached XP level 20. HP: 177/197 MP: 7/20
    25 | D        | Noticed a large bag of meat
    25 | D        | Killed a meat berserker
    26 | D        | Noticed a meat berserker
    29 | D        | Killed a meat berserker
    29 | D        | Reached skill level 27 in Unarmed Combat
    29 | D        | Reached XP level 21. HP: 204/204 MP: 7/25
    30 | D        | Noticed a destroyer
    31 | D        | Reached ****** piety under Makhleb
    32 | D        | Reached skill level 27 in Invocations
    33 | D        | Noticed a destroyer
    33 | D        | Noticed a destroyer
    33 | D        | Noticed a destroyer
    34 | D        | Killed a destroyer
    34 | D        | Reached XP level 22. HP: 157/212 MP: 5/47
    35 | D        | Reached skill level 27 in Spellcasting
    37 | D        | Noticed a destroyer
    37 | D        | Killed a destroyer
    37 | D        | Gained mutation: When low on magic, you restore magic in place of health. [demonic ancestry]
    37 | D        | Reached XP level 23. HP: 219/219 MP: 5/54
    38 | D        | Noticed a large bag of meat
    38 | D        | Noticed a destroyer
    39 | D        | Killed a large bag of meat
    40 | D        | Noticed a destroyer
    40 | D        | Killed a destroyer
    40 | D        | Reached XP level 24. HP: 227/227 MP: 6/54
    41 | D        | Noticed a destroyer
    42 | D        | Noticed a destroyer
    45 | D        | Killed a destroyer
    45 | D        | Reached XP level 25. HP: 234/234 MP: 7/54
    47 | D        | Noticed a destroyer
    47 | D        | Noticed a destroyer
    47 | D        | Killed a destroyer
    48 | D        | Killed a large bag of meat
    49 | D        | Killed a destroyer
    49 | D        | Gained mutation: A powerful demonic guardian rushes to your aid. [demonic ancestry]
    49 | D        | Reached XP level 26. HP: 190/242 MP: 6/54
    50 | D        | Killed a destroyer
    50 | D        | Killed a destroyer
    51 | D        | Noticed a destroyer
    51 | D        | Killed a destroyer
    53 | D        | Noticed a destroyer
    54 | D        | Killed a destroyer
    54 | D        | Gained mutation: Your melee attacks may debilitate your foes. [demonic ancestry]
    54 | D        | Reached XP level 27. HP: 249/249 MP: 8/54
    54 | D        | Killed a destroyer
    55 | D        | Killed a destroyer
    56 | D        | Killed a destroyer
    61 | D        | Annihilated by a sculptor of flesh

Skill      XL: |  1  2  3  4  5  6  7  8  9 10 11 12 13 14 15 16 17 18 19 20 21 22 |
---------------+-------------------------------------------------------------------+-----
Fighting       | 14 16 19 21 24 26 27 | 27.0
Axes           | 13 15 18 19 22 24 26 27 | 27.0
Throwing       | 13 15 18 19 22 24 26 27 | 27.0
Dodging        | 13 15 18 19 22 24 26 27 | 27.0
Armour         | 16 27 | 27.0
Stealth        | 17 27 | 27.0
Unarmed Combat | 10 27 | 27.0
Invocations    | 6 27 | 27.0
Spellcasting   | 21 27 | 27.0

Action                   |  1- 3 |  4- 6 |  7- 9 | 10-12 | 13-15 | 16-18 | 19-21 | 22-24 | 25-27 || total
-------------------------+-------+-------+-------+-------+-------+-------+-------+-------+-------++-------
Melee: Executioner's axe |     1 |       |       |     2 |     1 |     6 |     9 |    11 |    11 ||    41
Armor: Leather armour    |       |       |       |       |       |       |     1 |       |       ||     1
Dodge: Dodged            |       |       |       |       |       |     1 |       |       |       ||     1
